AoeStats
← DJ Blyatman!

Black Forest

510718185Analyzed
2v2 RM · 18h ago on Oct 2, 2026· 46m 7s· 4 players
Game mode
Random Map
Map size
Medium (4 player)
Population
200
Speed
Normal
Resources
Standard
Victory
Conquest
Starting age
Dark Age
Ending age
Imperial Age
RankedLock teamsTeams togetherTeam positionsShared explorationLock speedFull tech treeHidden civsTurbo modeCheats
Victory
Defeat
🇺🇸 Bohemians · United States
1481
+12
🇨🇳 Britons · China
1447
+14
🇳🇱 Bohemians · Netherlands
1526
-17
🇨🇳 Danes · China
1275
-9
Hold_Fast
1:37 Loom
12:16 Feudal Age
16:19 Castle Age
15:09 Horse Collar
15:16 Double-Bit Axe
17:27 Bow Saw
25:04 Wheelbarrow
28:53 Imperial Age
27:25 Heavy Plow
28:41 Chemistry
28:32 Hand Cart
28:50 Scale Mail Armor
29:00 Forging
28:58 Houfnice
29:03 Pikeman
29:45 Squires
31:11 Chain Mail Armor
31:31 Iron Casting
32:03 Siege Engineers
31:32 Halberdier
32:47 Plate Mail Armor
33:36 Man-at-Arms
34:29 Long Swordsman
36:03 Two-Handed Swordsman
36:29 Arson
37:19 Champion
45:19 Elite Hussite Wagon
951341856
10:28 Feudal Age
11:01 Fishing Lines
11:10 Double-Bit Axe
17:21 Wheelbarrow
18:22 Stone Mining
21:30 Castle Age
22:16 Gillnets
22:37 Bow Saw
22:54 Bow Saw
24:55 Hand Cart
25:25 Gold Mining
29:31 Imperial Age
27:03 Loom
27:03 Town Watch
28:22 Ballistics
29:54 Gold Shaft Mining
29:14 Pikeman
29:54 Squires
29:58 Padded Archer Armor
29:59 Scale Mail Armor
30:09 Forging
29:49 Fletching
30:00 Onager
31:07 Conscription
31:31 Warwolf
34:03 Chemistry
33:14 Masonry
33:31 Halberdier
34:59 Chain Mail Armor
35:19 Iron Casting
36:24 Scale Barding Armor
37:20 Blast Furnace
36:37 Husbandry
35:58 Cavalier
36:31 Light Cavalry
40:57 Horse Collar
41:49 Heavy Plow
44:33 Plate Mail Armor
45:22 Fortified Wall
Holy Heroin
11:56 Feudal Age
15:59 Castle Age
14:02 Double-Bit Axe
14:15 Fishing Lines
16:53 Bow Saw
18:27 Gillnets
18:52 Fervor
20:22 Horse Collar
22:45 Heavy Plow
23:10 Sanctity
22:44 Town Watch
22:48 Loom
25:01 Wheelbarrow
29:48 Imperial Age
28:34 Chemistry
28:05 Scale Mail Armor
28:16 Forging
28:13 Fletching
28:41 Wagenburg Tactics
29:12 Hand Cart
29:29 Bodkin Arrow
30:46 Siege Engineers
31:08 Bracer
31:04 Houfnice
32:38 Masonry
33:16 Ballistics
34:00 Two-Man Saw
33:28 Conscription
34:09 Elite Hussite Wagon
38:33 Scale Mail Armor
38:43 Forging
37:54 Pikeman
38:35 Squires
38:21 Arson
39:59 Architecture
40:10 Halberdier
41:06 Chain Mail Armor
41:27 Iron Casting
43:30 Padded Archer Armor
44:03 Plate Mail Armor
44:33 Blast Furnace
DJ Blyatman!
1:28 Loom
12:15 Feudal Age
16:02 Castle Age
14:38 Double-Bit Axe
14:51 Horse Collar
17:35 Bow Saw
24:01 Wheelbarrow
24:21 Fishing Lines
26:21 Hand Cart
29:19 Imperial Age
27:11 Gold Mining
28:37 Gold Shaft Mining
28:26 Town Watch
28:47 Squires
28:32 Arson
28:49 Scale Mail Armor
28:58 Stone Mining
29:46 Elite Varangian Guard
29:47 Pikeman
30:56 Chain Mail Armor
31:15 Conscription
30:57 Fletching
31:16 Halberdier
32:37 Elite Skirmisher
33:30 Forging
34:33 Plate Mail Armor
35:34 Onager
36:58 Bodkin Arrow
Connection lost

Rejoining the realm…

Still unreachable

The connection could not be restored.

Session expired

The server has moved on; the page needs a fresh start.